 Dungeon Crawl Stone Soup version 0.28.0 (webtiles) character file.

Game seed: 3404603465264634071

867 enile the Transmogrifier (level 7, -3/38 HPs)
             Began as a Felid Transmuter on Feb 14, 2022.
             Was an Initiate of Yredelemnul.
             Slain by a wyvern zombie (4 damage)
             ... in an ossuary.
             The game lasted 00:15:41 (10105 turns).

enile the Transmogrifier (Felid Transmuter)        Turns: 10105, Time: 00:15:42

Health: -3/38      AC:  8    Str:  6    XL:     7   Next: 73%
Magic:  11/12      EV: 27    Int: 17    God:    Yredelemnul [......]
Gold:   104        SH:  0    Dex: 16    Spells: 4/12 levels left
                                        Lives:  0   Deaths: 2

rFire   x x .      SeeInvis +     - Unarmed
rCold   + + +      Faith    .   (shield unavailable)
rNeg    . . .      Spirit   .   (armour unavailable)
rPois   +          Reflect  .   (helmet unavailable)
rElec   .          Harm     .   (cloak unavailable)
rCorr   .          Rampage  .   (gloves unavailable)
Will    +....                   (boots unavailable)
Stlth   +++.......              a - amulet of the acrobat
HPRegen 0.12/turn               e - ring of ice
MPRegen 0.13/turn               (no ring)

@: about to teleport, ice-form, acrobatic
A: freezing attack, amphibious, boosted hp, large, (claws 1), (fangs 3), see
invisible, (speed 1), (shaggy fur 2), (stealthy paws), no weapons or thrown
items, no armour, multi-lived
a: End Transformation, Renounce Religion, Recall Undead Harvest


You were in an ossuary.
You worshipped Yredelemnul.
Yredelemnul was noncommittal.
You were a creature of crystalline ice.
You visited 2 branches of the dungeon, and saw 7 of its levels.
You also visited: Ossuary.

You collected 284 gold pieces.
You spent 180 gold pieces at shops.

Inventory:

Jewellery
 a - an amulet of the acrobat (around neck)
 e - a ring of ice (left front paw)
Wands
 j - a wand of iceblast (6)
Scrolls
 d - a scroll of noise {unknown}
 f - a scroll of brand weapon
 h - a scroll of fog
 i - a scroll of magic mapping
 k - a scroll of identify
 p - a scroll of blinking {unknown}
Potions
 c - a potion of resistance {unknown}
 g - 2 potions of curing
 l - 2 potions of heal wounds {unknown}
 m - a potion of might {unknown}
 n - a potion of brilliance {unknown}


   Skills:
 - Level 4.0 Fighting
 - Level 5.0 Dodging
 - Level 4.0 Stealth
 - Level 4.0 Unarmed Combat
 - Level 3.0 Spellcasting
 + Level 8.6 Transmutations
 - Level 3.0 Poison Magic
 - Level 4.0 Invocations


You had 4 spell levels left.
You knew the following spells:

 Your Spells              Type           Power      Damage    Failure   Level
a - Beastly Appendage     Tmut           62%        N/A       1%          1
b - Spider Form           Tmut/Pois      22%        N/A       4%          3
c - Ice Form              Ice/Tmut       25%        N/A       30%         4

Your spell library contained the following spells:

 Spells                   Type           Power      Damage    Failure   Level
 Wereblood                Tmut           31%        N/A       1%          2
 Ignite Poison            Fire/Tmut/Pois 15%        N/A       11%         3
 Shock                    Conj/Air       8%         1d3       17%         1
 Corpse Rot               Necr/Air       4%         N/A       26%         2
 Conjure Flame            Conj/Fire      2%         6-21      45%         3
 Dazzling Flash           Conj/Hex       4%         N/A       45%         3
 Swiftness                Air            2%         N/A       45%         3
 Airstrike                Air            1%         N/A       86%         4
 Dispel Undead            Necr           2%         3d7       86%         4
 Sticky Flame             Conj/Fire      2%         2d3       86%         4
 Agony                    Necr           2%         N/A       99%         5
 Silence                  Hex/Air        1%         N/A       99%         5
 Death Channel            Necr           Unusable   N/A       N/A         6

Dungeon Overview and Level Annotations

Branches:
Dungeon (6/15)             Temple (1/1) D:4         Ossuary (1/1)

Altars:
Cheibriados
Yredelemnul

Shops:
D:5 [=:*


Innate Abilities, Weirdness & Mutations

You are a creature of crystalline ice.
You have a powerful freezing melee attack.
You are amphibious.
Your maximum health is increased.
((You have sharp claws.))
((You have razor-sharp teeth.))
You have supernaturally acute eyesight. (SInv)
((You cover ground quickly. (Speed+)))
((You are covered in thick fur. (AC +2)))
((Your paws help you pounce on unaware monsters.))
You are incapable of wielding weapons or throwing items.
You cannot wear armour.
You gain extra lives every three experience levels.


Message History

There is an open door here.
A wyvern zombie is nearby!
A wyvern zombie is nearby!
Casting: Spider Form (dangerous; 4% risk of failure)
Confirm with . or Enter, or press ? or * to list all spells.
You feel a surge of power!
You turn into a creature of crystalline ice.
The wyvern zombie misses you. The mummy completely misses you.
You hit the mummy.
The mummy is lightly damaged.
The wyvern zombie bites you but does no damage.
The mummy hits you!
You hit the mummy but do no damage.
The mummy is lightly damaged.
The wyvern zombie bites you! The wyvern zombie bites you.
* * * LOW HITPOINT WARNING * * *
The wyvern zombie misses you.
The wyvern zombie completely misses you.
A howler monkey zombie comes into view.
The wyvern zombie barely misses you.
There is an open door here.
The wyvern zombie barely misses you.
The howler monkey zombie completely misses you.
You hit the howler monkey zombie.
The howler monkey zombie is lightly damaged.
The wyvern zombie misses you. The howler monkey zombie misses you.
You punch the howler monkey zombie! You freeze the howler monkey zombie.
The howler monkey zombie is severely damaged.
The wyvern zombie bites you but does no damage.
The howler monkey zombie hits you but does no damage.
The wyvern zombie bites you but does no damage.
Okay, then.
As you read the scroll of teleportation, it crumbles to dust.
You feel strangely unstable.
The howler monkey zombie hits you but does no damage.
The wyvern zombie bites you!
* * * LOW HITPOINT WARNING * * *
The wyvern zombie bites you.
You die...
Your body rises from the dead as a mindless zombie.

#≈#≈≈##≈≈≈
#≈≈≈≈≈≈# ≈##
#†#≈#≈ ##≈≈
#ZZ#.# ≈.#.
###Z#Z#'#'#.≈.
#≈≈.≈M≈≈≈≈.≈≈≈
####≈≈#####≈##
≈≈..≈# #Z#
###≈#≈' #Y#
≈≈P..# #Z#
##≈≈≈≈# ###Z###
##...+ #.'Z'.#
###.#####.###
#.'.#..∩#.#
###ZM.∩.#.#
#.'.#...#.#
###.#####.#####.


You could see a bullfrog zombie, a wyvern zombie, a centaur zombie and a howler
monkey zombie.

Vanquished Creatures
  Grinder (D:4)
  Sigmund (D:5)
  A wyvern (D:4)
  An orc warrior (D:6)
  2 black bears
  An ogre (D:4)
  A wyvern zombie (Ossuary)
  A scorpion (D:6)
  2 centaur zombies
  3 bullfrog zombies
  2 jellies
  A gnoll shaman (D:5)
  5 hounds
  3 iguanas
  3 orc wizards (D:6)
  3 hound zombies (D:3)
  A hound skeleton (D:3)
  3 mummies (Ossuary)
  6 gnolls
  6 adders
  An ufetubus (D:4)
  2 adder skeletons (D:3)
  An adder zombie (D:3)
  A worm (D:5)
  4 dart slugs
  4 orcs
  11 endoplasms
  2 giant cockroaches (D:1)
  9 goblins
  9 hobgoblins
  6 jackals
  8 ball pythons
  8 bats
  4 frilled lizards
  7 kobolds
  A quokka skeleton (D:3)
  4 rats
129 creatures vanquished.

Vanquished Creatures (collateral kills)
  A necrophage (D:3)
  A hound zombie (D:5)
  A howler monkey skeleton (D:6)
  A gnoll (D:4)
  A worm (D:2)
  A ball python (D:4)
  An endoplasm (D:2)
  A goblin (D:3)
  A hobgoblin (D:2)
  A frilled lizard (D:2)
  2 kobolds
  A rat (D:2)
13 creatures vanquished.

Vanquished Creatures (others)
  A spectral shadow imp (D:4)
  A wyvern zombie (D:4)
  A scorpion zombie (D:6)
  A hound zombie (D:2)
  An iguana zombie (D:6)
  An adder zombie (D:3)
  2 bat zombies (D:2)
  2 gnoll zombies (D:4)
  2 ball python zombies
  A goblin zombie (D:3)
  3 hobgoblin zombies (D:4)
  3 jackal zombies
  3 kobold zombies
  4 orc zombies
  2 quokka zombies (D:2)
  A rat zombie (D:2)
  2 spectral endoplasms
  A spectral ufetubus (D:4)
  6 withered plants (Ossuary)
38 creatures vanquished.

Grand Total: 180 creatures vanquished

Notes
Turn   | Place    | Note
-------+----------+-------------------------------------------
     0 | D:1      | enile the Felid Transmuter began the quest for the Orb.
     0 | D:1      | Reached XP level 1. HP: 9/9 MP: 4/4
   507 | D:1      | Reached XP level 2. HP: 10/13 MP: 6/6
  1712 | D:2      | Reached XP level 3. HP: 16/16 MP: 7/7
  1724 | D:2      | Learned a level 3 spell: Spider Form
  1893 | D:2      | Found a faded altar of an unknown god.
  1920 | D:2      | Prayed at the altar of an unknown god.
  1920 | D:2      | Became a worshipper of Yredelemnul the Dark
  1920 | D:2      | Reached * piety under Yredelemnul
  2765 | D:2      | Reached XP level 4. HP: 20/20 MP: 8/8
  3771 | D:3      | Reached skill level 3 in Transmutations
  3771 | D:3      | Reached XP level 5. HP: 12/24 MP: 3/9
  4252 | D:3      | Reached skill level 4 in Transmutations
  4725 | D:3      | Found a snail-covered altar of Cheibriados.
  4982 | D:3      | Noticed a necrophage
  4999 | D:3      | Killed a necrophage
  5000 | D:3      | Reached ** piety under Yredelemnul
  5000 | D:3      | Reached skill level 5 in Dodging
  5000 | D:3      | Gained mutation: You are covered in thick fur. (AC +2)
                  | [Felid growth]
  5000 | D:3      | Reached XP level 6. HP: 8/28 MP: 7/10
  5410 | D:4      | Noticed Grinder
  5419 | D:4      | Paralysed by Grinder for 2 turns
  5421 | D:4      | Killed Grinder
  5422 | D:4      | Reached skill level 5 in Transmutations
  5422 | D:4      | Reached XP level 7. HP: 17/31 MP: 8/11
  5574 | D:4      | Your ally Grinder died
  5902 | D:4      | Noticed a wyvern
  6098 | D:4      | Reached skill level 6 in Transmutations
  6222 | D:4      | Found a staircase to the Ecumenical Temple.
  6373 | Temple   | Entered the Ecumenical Temple
  6942 | D:4      | Mangled by a wyvern
  6943 | D:4      | Reached XP level 6. HP: -11/28 MP: 10/10
  6977 | D:4      | Killed a wyvern
  6978 | D:4      | Reached skill level 1 in Invocations
  6993 | D:4      | Reached XP level 7. HP: 13/31 MP: 7/11
  7323 | D:5      | Entered Level 5 of the Dungeon
  7479 | D:5      | Found Zicsar's Jewellery Shop.
  7842 | D:5      | Reached skill level 7 in Transmutations
  7912 | D:5      | Learned a level 4 spell: Ice Form
  8099 | D:5      | Found Mumaam Cyddi's Book Shoppe.
  8112 | D:5      | Found Sioskybin's Antique Armour Boutique.
  8533 | D:5      | Noticed Sigmund
  8546 | D:5      | Killed Sigmund
  8547 | D:5      | Reached skill level 8 in Transmutations
  8907 | D:5      | Found Jiph's General Store.
  8912 | D:5      | Bought a wand of acid (5) for 180 gold pieces
  9181 | D:6      | Reached XP level 8. HP: 32/34 MP: 4/12
  9256 | D:6      | Reached skill level 1 in Stealth
  9754 | D:6      | Found a sand-covered staircase.
  9762 | Ossuary  | Entered an ossuary
 10056 | Ossuary  | HP: 1/36 [water moccasin zombie (3)]
 10056 | Ossuary  | Slain by a centaur zombie
 10057 | Ossuary  | Reached XP level 7. HP: -2/32 MP: 12/12
 10104 | Ossuary  | HP: 1/38 [wyvern zombie (10)]
 10105 | Ossuary  | Slain by a wyvern zombie

Illustrated notes

Levels and vault maps discovered:
D:1:      saegor_arrival_under_anarchy, layout_basic
D:2:      layout_basic, ebering_ecumenical_altar_webs
D:3:      layout_basic, kennysheep_slug_shrine, serial_undead, serial_undead_a,
          serial_undead_b, serial_undead_b, serial_undead_a,
          grunt_ministairs_13, minmay_misc_feat_secret_circle,
          hangedman_abyss_or_decor_stabs, hex_medium
D:4:      layout_loops_ring, temple_fountains, uniq_grinder
D:5:      layout_layer_cave, serial_shops, kennysheep_mini, shop,
          nicolae_take_the_stairs, kennysheep_little_box, minivault_25,
          minmay_misc_feat_rugged, uniq_sigmund
D:6:      layout_loops_ring, nicolae_ossuary_entry_ruins,
          kb_lookout_dungeons_type
Temple:   mainiacjoe_temple_cubbyholes
Ossuary:  ossuary_zaba_flooded

Skill      XL: |  1  2  3  4  5  6  7  8 |
---------------+-------------------------+-----
Fighting       | 2 3 4 |  4.0
Unarmed Combat | 4 |  4.0
Dodging        | 3 4 5 |  5.0
Transmutations | 3 4 5 8 |  8.6
Poison Magic   | 3 |  3.0
Invocations    | 2 3 4 |  4.0
Spellcasting   | 3 |  3.0
Stealth        | 4 |  4.0

Action                   |  1- 3 |  4- 6 |  7- 9 || total
-------------------------+-------+-------+-------++-------
Melee: Unarmed           |   118 |   129 |   189 ||   436
       Bite              |     6 |     7 |     4 ||    17
       Headbutt          |     5 |     4 |     1 ||    10
       Punch             |     2 |     3 |       ||     5
 Cast: Beastly Appendage |    10 |     5 |     1 ||    16
       Spider Form       |     9 |    18 |    21 ||    48
       Ice Form          |       |       |     5 ||     5
Evoke: Wand              |       |     4 |    11 ||    15
  Use: Scroll            |       |       |    10 ||    10
       Potion            |       |       |     2 ||     2
 Stab: Sleeping          |     2 |     1 |     4 ||     7
Armor: Skin              |    13 |     5 |    24 ||    42
Dodge: Dodged            |   105 |   122 |   230 ||   457
